 Dungeon Crawl Stone Soup version 0.27-a0-1202-ge72e49191c (webtiles) character file.

Game seed: 13971280558067300923

648406 Capylives the Slayer (level 27, -4/239 HPs)
             Began as a Hill Orc Fighter on May 28, 2021.
             Was the Champion of Okawaru.
             Slain by a golden dragon (23 damage)
             ... on level 1 of the Realm of Zot on June 4, 2021.
             The game lasted 05:00:36 (84193 turns).

Capylives the Slayer (Hill Orc Fighter)            Turns: 84193, Time: 05:00:36

Health: -4/239     AC: 39    Str: 25      XL:     27
Magic:  1/8        EV: 12    Int: 15 (16) God:    Okawaru [******]
Gold:   7870       SH: 22    Dex: 13      Spells: 42/44 levels left

rFire    + + .     SeeInvis +   Z - +9 broad axe (antimagic)
rCold    + + .     Faith    .   V - +0 kite shield {rF+}
rNeg     + + +     Spirit   .   W - +9 crystal plate armour
rPois    +         Reflect  +   R - +2 helmet {Int+3}
rElec    +         Harm     .   u - scarf {rC+ rF+}
rCorr    .         Rampage  +   B - +0 pair of gloves of Pride {rPois Will+++ MP-9 Stlth+}
Will     +++++                  X - +2 pair of boots {rampage}
Stlth    ..........             Q - amulet "Siggaschu" {Reflect rN+ Slay+2 SH+5}
HPRegen  0.49/turn              o - ring of Qarainapt {Fly rC+ SInv Stlth+}
MPRegen  0.11/turn              j - ring "Uchutz" {rElec rN++ MP+9 Dex+3 Stlth-}

@: about to teleport, flying, hasted, very quick
A: clumsy 1, deformed body, frail 1, low mp 3, strong-willed 1
}: 3/15 runes: barnacled, abyssal, gossamer
a: Renounce Religion, Heroism, Finesse


You were on level 1 of the Realm of Zot.
You worshipped Okawaru.
Okawaru was exalted by your worship.
You visited 12 branches of the dungeon, and saw 51 of its levels.
You visited the Abyss 4 times.
You also visited: Sewer and Gauntlet.

You collected 11664 gold pieces.
You spent 3764 gold pieces at shops.
You donated 30 gold pieces to Zin.

Inventory:

Hand Weapons
 F - the +1 broad axe of Exquisite Death {flame, Str+4}
   (Okawaru gifted it to you on level 13 of the Dungeon)

   It has been specially enchanted to burn those struck by it, causing extra
   injury to most foes and up to half again as much damage against particularly
   susceptible opponents.
   Big, fiery blades are also staple armaments of hydra-hunters.
   It affects your strength (+4).
 L - the +10 broad axe "Zuagucoi" {freeze, rPois Will+}
   (Okawaru gifted it to you on level 4 of the Shoals)

   It has been specially enchanted to freeze those struck by it, causing extra
   injury to most foes and up to half again as much damage against particularly
   susceptible opponents.
   It can also slow down cold-blooded creatures.
   It protects you from poison.
   It increases your willpower.
 N - the +14 obsidian axe {vorpal, Drain Fly SInv}
   (Okawaru gifted it to you on level 2 of the Depths)

   It inflicts extra damage upon your enemies.
   It lets you see invisible.
   It grants you flight.
   It drains your maximum health when unequipped.
 Z - a +9 antimagic broad axe (weapon)
Missiles
 m - 38 silver javelins (quivered)
 t - 68 javelins
 A - 11 throwing nets
Armour
 u - a scarf of resistance (worn)
 B - the +0 pair of gloves of Pride (worn) {rPois Will+++ MP-9 Stlth+}
   (You found it on level 3 of the Depths)

   It protects you from poison.
   It affects your magic capacity (-9).
   It greatly increases your willpower.
   It makes you more stealthy.
 R - a +2 helmet of intelligence (worn)
 V - a +0 kite shield of fire resistance (worn)
 W - a +9 crystal plate armour (worn)
 X - a +2 pair of boots of rampaging (worn)
Jewellery
 f - an amulet of regeneration
 j - the ring "Uchutz" (right hand) {rElec rN++ MP+9 Dex+3 Stlth-}
   (You bought it in a shop on level 6 of the Dungeon)

   [ring of magical power]

   It affects your dexterity (+3).
   It insulates you from electricity.
   It greatly protects you from negative energy.
   It affects your magic capacity (+9).
   It makes you less stealthy.
 o - the ring of Qarainapt (left hand) {Fly rC+ SInv Stlth+}
   (You took it off a deep elf demonologist on level 3 of the Elven Halls)

   [ring of flight]

   It protects you from cold.
   It lets you see invisible.
   It grants you flight.
   It makes you more stealthy.
 P - the ring "Hocuig" {Will+ Int+2}
   (You took it off a deep elf death mage on level 3 of the Elven Halls)

   [ring of willpower]

   It affects your intelligence (+2).
   It increases your willpower.
 Q - the amulet "Siggaschu" (around neck) {Reflect rN+ Slay+2 SH+5}
   (You took it off a deep elf pyromancer on level 3 of the Elven Halls)

   [amulet of reflection]

   It reflects blocked missile attacks.
   It affects your accuracy and damage with ranged weapons and melee attacks
   (+2).
   It protects you from negative energy.
   It affects your SH (+5).
 S - the amulet "Dag Diag" {RegenMP rN++ Will+}
   (You bought it in a shop on level 6 of the Dungeon)

   [amulet of magic regeneration]

   It increases your rate of magic regeneration.
   It greatly protects you from negative energy.
   It increases your willpower.
 T - the ring of Nucvemesh {rF+ rN+ rCorr Int-5}
   (You took it off a hell knight on level 3 of the Crypt)

   [ring of positive energy]

   It affects your intelligence (-5).
   It protects you from fire.
   It protects you from negative energy.
   It protects you from acid and corrosion.
Wands
 e - a wand of digging (14)
 i - a wand of acid (32)
Scrolls
 d - 3 scrolls of immolation
 h - 8 scrolls of magic mapping
 l - 4 scrolls of silence
 n - a scroll of enchant armour
 r - 13 scrolls of fear
 w - 5 scrolls of holy word
 z - a scroll of fog
 G - 6 scrolls of blinking
 H - 14 scrolls of teleportation
 O - 7 scrolls of summoning
Potions
 a - 9 potions of attraction
 c - 11 potions of cancellation
 g - 21 potions of curing
 k - 12 potions of lignification
 p - 4 potions of invisibility
 q - 8 potions of heal wounds
 s - 2 potions of berserk rage
 E - 4 potions of resistance
 I - 17 potions of ambrosia
 J - 9 potions of haste
 K - 3 potions of magic
 M - 6 potions of might
 Y - 5 potions of brilliance
Miscellaneous
 b - a condenser vane
 v - a lightning rod (4/4)
 x - a phantom mirror
 y - a phantom mirror
 C - a phial of floods
 D - a phantom mirror
 U - a box of beasts


   Skills:
 * Level 25.1 Fighting
 - Level 21.2 Axes
 + Level 15.0 Throwing
 + Level 21.8 Armour
 + Level 15.7 Dodging
 + Level 21.9 Shields
 + Level 9.0 Spellcasting
 - Level 8.9 Translocations
 - Level 11.0 Invocations
 + Level 15.7 Evocations


You had 42 spell levels left.
You knew the following spells:

 Your Spells              Type           Power      Damage    Failure   Level
a - Blink                 Tloc           N/A        N/A       4%          2

Your spell library contained the following spells:

 Spells                   Type           Power      Damage    Failure   Level
 Gell's Gravitas          Tloc           16%        N/A       10%         3
 Lesser Beckoning         Tloc           16%        N/A       10%         3
 Teleport Other           Tloc           33%        N/A       10%         3
 Passage of Golubria      Tloc           N/A        N/A       32%         4
 Portal Projectile        Hex/Tloc       40%        N/A       54%         3
 Manifold Assault         Tloc           33%        N/A       67%         5
 Animate Skeleton         Necr           12%        N/A       78%         1
 Beastly Appendage        Tmut           12%        N/A       78%         1
 Corona                   Hex            6%         N/A       78%         1
 Freeze                   Ice            24%        1d5       78%         1
 Magic Dart               Conj           24%        1d4       78%         1
 Pain                     Necr           24%        1d5       78%         1
 Sandblast                Erth           12%        2d6       78%         1
 Sting                    Tmut/Pois      24%        1d4       78%         1
 Summon Small Mammal      Summ           24%        N/A       78%         1
 Call Imp                 Summ           6%         N/A       89%         2
 Corpse Rot               Necr/Air       N/A        N/A       89%         2
 Ensorcelled Hibernation  Hex/Ice        12%        N/A       89%         2
 Passwall                 Tmut/Erth      5%         N/A       89%         2
 Poisonous Vapours        Pois/Air       12%        N/A       89%         2
 Searing Ray              Conj           12%        3d3       89%         2
 Static Discharge         Conj/Air       6%         N/A       89%         2
 Sublimation of Blood     Necr           3%         N/A       89%         2
 Iskenderun's Mystic Bla  Conj/Tloc      20%        2d6       91%         4
 Call Canine Familiar     Summ           6%         N/A       98%         3
 Confusing Touch          Hex            6%         N/A       98%         3
 Dazzling Flash           Conj/Hex       12%        N/A       98%         3
 Frozen Ramparts          Ice            12%        1d3       98%         3
 Ignite Poison            Fire/Tmut/Pois 6%         N/A       98%         3
 Inner Flame              Hex/Fire       6%         N/A       98%         3
 Mephitic Cloud           Conj/Pois/Air  6%         N/A       98%         3
 Spider Form              Tmut/Pois      3%         N/A       98%         3
 Stone Arrow              Conj/Erth      12%        3d7       98%         3
 Summon Guardian Golem    Hex/Summ       6%         N/A       98%         3
 Tukima's Dance           Hex            6%         N/A       98%         3
 Vampiric Draining        Necr           3%         2d6       98%         3
 Summon Forest            Summ/Tloc      10%        N/A       99%         5
 Dispersal                Tloc           16%        N/A       99%         6
 Animate Armour           Summ/Erth      12%        N/A       100%        4
 Animate Dead             Necr           3%         N/A       100%        4
 Cause Fear               Hex            3%         N/A       100%        4
 Dispel Undead            Necr           6%         3d8       100%        4
 Fulminant Prism          Conj/Hex       3%         3d6       100%        4
 Hailstorm                Conj/Ice       6%         3d4       100%        4
 Ice Form                 Ice/Tmut       6%         N/A       100%        4
 Olgreb's Toxic Radiance  Pois           6%         N/A       100%        4
 Petrify                  Tmut/Erth      6%         N/A       100%        4
 Sticky Flame             Conj/Fire      6%         2d3       100%        4
 Summon Ice Beast         Ice/Summ       6%         N/A       100%        4
 Summon Lightning Spire   Summ/Air       6%         N/A       100%        4
 Agony                    Necr           6%         N/A       100%        5
 Alistair's Intoxication  Tmut/Pois      4%         N/A       100%        5
 Bolt of Magma            Conj/Fire/Erth 3%         4d5       100%        5
 Borgnjor's Vile Clutch   Necr/Erth      3%         N/A       100%        5
 Hydra Form               Tmut           3%         N/A       100%        5
 Irradiate                Conj/Tmut      3%         3d14      100%        5
 Lee's Rapid Deconstruct  Erth           3%         3d6*      100%        5
 Metabolic Englaciation   Hex/Ice        3%         N/A       100%        5
 Silence                  Hex/Air        3%         N/A       100%        5
 Yara's Violent Unravell  Hex/Tmut       3%         3d4       100%        5
 Death Channel            Necr           3%         N/A       100%        6
 Eringya's Noxious Bog    Tmut/Pois      3%         N/A       100%        6
 Freezing Cloud           Conj/Ice/Air   3%         6-21      100%        6
 Shadow Creatures         Summ           N/A        N/A       100%        6
 Simulacrum               Ice/Necr       3%         N/A       100%        6
 Starburst                Conj/Fire      3%         8x6d3     100%        6
 Statue Form              Tmut/Erth      4%         N/A       100%        6
 Dragon Form              Tmut           3%         N/A       100%        7
 Haunt                    Necr/Summ      3%         N/A       100%        7
 Ozocubu's Refrigeration  Ice            3%         4d5       100%        7
 Summon Hydra             Summ           3%         N/A       100%        7
 Borgnjor's Revivificati  Necr           3%         N/A       100%        8
 Chain Lightning          Conj/Air       3%         N/A       100%        8
 Discord                  Hex            3%         N/A       100%        8
 Disjunction              Tloc           16%        N/A       100%        8
 Infestation              Necr           3%         N/A       100%        8
 Lehudib's Crystal Spear  Conj/Erth      3%         10d2      100%        8
 Necromutation            Tmut/Necr      3%         N/A       100%        8
 Absolute Zero            Ice            3%         ∞         100%        9
 Death's Door             Necr           3%         N/A       100%        9
 Dragon's Call            Summ           3%         N/A       100%        9
 Fire Storm               Conj/Fire      3%         8d1       100%        9


Dungeon Overview and Level Annotations

Branches:
Dungeon (15/15)            Temple (1/1) D:6            Lair (6/6) D:8
 Shoals (4/4) Lair:2       Spider (4/4) Lair:3        Slime (0/5) Lair:6
    Orc (2/2) D:9             Elf (3/3) Orc:2        Vaults (4/5) D:14
  Crypt (3/3) Vaults:2       Tomb (1/3) Crypt:3      Depths (5/5) D:15
    Zot (3/5) Depths:5      Sewer (visited)         Gauntlet (visited)

Altars:
Ashenzari
Cheibriados
Dithmenos
Elyvilon
Fedhas
Gozag
Hepliaklqana
Kikubaaqudgha
Makhleb
Nemelex Xobeh
Okawaru
Qazlal
Ru
Sif Muna
Trog
Uskayaw
Vehumet
Wu Jian
Xom
Yredelemnul
Zin
The Shining One
Beogh
Jiyva

Shops:
D:1 !   D:6 =   D:12 [   Orc:2 [*=?   Elf:2 *   Elf:3 *   Shoals:3 (
Shoals:4 :   Vaults:1 *   Depths:1 *==   Depths:3 ?   Depths:4 ([[
Depths:5 ???=

Portals:
Hell: Depths:1 Depths:2 Depths:3 Depths:4 Depths:5
Abyss: D:6 Depths:2 Depths:4
Pandemonium: Orc:2 Depths:3
Ziggurat: Depths:2

Annotations:
D:6 2 transporters, jordank93's ghost, novice MiBe
Vaults:1 1 runed translucent door, Putsipo's ghost, veteran GrGl
Vaults:4 2 transporters
Depths:3 1 exclusion
Depths:5 3 runed translucent doors
Zot:1 1 transporter


Innate Abilities, Weirdness & Mutations

You are clumsy. (Dex -2)
Armour fits poorly on your strangely shaped body.
You are frail. (-10% HP)
Your magical capacity is extremely low. (-30% MP)
You are strong-willed. (Will+)


Message History

Okawaru accepts your kill. Something appears at your feet!
Okawaru grants you ammunition!
You slash the golden dragon! You closely miss the shadow dragon.
Your Throwing skill increases to level 15!
You slice the golden dragon!!
The golden dragon is heavily wounded.
You slash the golden dragon!
The moth of wrath goads the golden dragon on!
The golden dragon goes berserk!
The golden dragon bites you!
* * * LOW HITPOINT WARNING * * *
The golden dragon closely misses you.
The golden dragon tramples you but does no damage.
You hear a deafening roar!
You completely miss the golden dragon.
The golden dragon is heavily wounded.
You slash the golden dragon! You barely miss the storm dragon.
The storm dragon bites you but does no damage.
The storm dragon claws you but does no damage.
You block the storm dragon's attack.
The moth of wrath goads the shadow dragon on!
The shadow dragon goes berserk!
You slash the golden dragon!
The golden dragon is severely wounded.
You hit the storm dragon. You slice the golden dragon!!
You block the golden dragon's attack. x3; The golden dragon misses you.
The golden dragon claws you but does no damage.
The golden dragon tramples you.
* * * LOW HITPOINT WARNING * * *
You hold your ground!
The storm dragon bites you but does no damage.
The storm dragon closely misses you. The storm dragon tramples you.
* * * LOW HITPOINT WARNING * * *
You hold your ground!
You slash the golden dragon!
The golden dragon is severely wounded.
You hit the golden dragon but do no damage.
You slice the storm dragon!! You block the golden dragon's attack.
The golden dragon claws you!!
You die...

# #...#### #.# ..
#..##..# # #......#
#.## .... ##..##.. #
#......# #..### ....#
#?...##. # #......#
#....#D..D.# )$$..D#.
####......#
#..©.#...... [$..©D#©
?.........#
#....#.....# )$$.D.#.
)[........#
#..###y....# #[...##.
[.........#
#.##DDDy.... ##..##..
#######...#
#.##@DDD.... #..##...
##### #.#########.
...#.... ########
#.........#######.###
#......####
#..............°..# #
#.........#
#........###...#### #
#.........# #........#
#...######
#.........###........#
#..)....##
#..........###.......#
#.......# #######....#
#.......# #.......#


You could see 3 shadow dragons, 2 golden dragons, 2 storm dragons and 2 moths of
wrath.

Vanquished Creatures
  2 dread liches (Crypt:3)
  3 ancient liches
  Mennas (Depths:4)
  Mara (Shoals:3)
  2 orbs of fire
  Sojobo (Depths:4)
  Boris (Depths:5)
  Margery (Vaults:4)
  Bai Suzhen (Vaults:3)
  Saint Roka (Depths:4)
  A Killer Klown (Zot:2)
  A curse toe (Zot:2)
  The ghost of Geozxo Feja the Gelid, a veteran HONe of Makhleb (Depths:3)
  6 golden dragons
  Jory (Crypt:3)
  A profane servitor (Abyss:3)
  4 bone dragons
  the Enchantress (Depths:2)
  An electric golem (Zot:2)
  Arachne (Spider:4)
  10 liches
  A Hell Sentinel (Abyss:3)
  Jorgrun (D:15)
  12 tentacled monstrosities
  5 deep elf blademasters
  2 quicksilver dragons
  2 deep elf master archers (Elf:3)
  Polyphemus (Shoals:2)
  2 ancient champions (Crypt:1)
  4 death cobs
  8 tentacled starspawn
  Frances (Shoals:1)
  9 tengu reavers
  12 sphinxes
  2 thorn hunters (Abyss:5)
  Donald (Shoals:1)
  Roxanne (Spider:2)
  5 shadow dragons
  2 draconian monks
  The ghost of Buesefypo the Thrower, an adept VSAM of Trog (Spider:4)
  8 storm dragons
  Kirke (Spider:4)
  A daeva (Abyss:5)
  2 iron dragons
  5 revenants
  5 deep elf sorcerers
  4 draconian knights
  8 vault wardens
  Ilsuiw (Shoals:4)
  3 draconian scorchers
  8 fire giants
  2 cacodemons (Depths:3)
  9 frost giants
  2 emperor scorpions (Spider:4)
  Aizul (Vaults:4)
  8 ghost moths
  5 curse skulls
  Louise (Shoals:1)
  An orc warlord (Vaults:1)
  5 deep elf elementalists (Elf:3)
  2 draconian shifters
  4 spectral caustic shrikes (Depths:2)
  4 spriggan defenders
  10 ghouls
  4 draconian annihilators
  17 stone giants
  17 ironbound preservers
  5 war gargoyles
  A reaper (Abyss:1)
  30 very ugly things
  Nessos (D:14)
  12 vampire knights
  8 green draconians
  12 deep elf demonologists
  A lorocyproca (Depths:3)
  A minotaur (Gauntlet)
  5 dire elephants
  6 spark wasps
  5 deep elf annihilators
  3 red draconians
  5 black draconians
  4 white draconians
  6 entropy weavers
  6 purple draconians
  A blizzard demon (Abyss:5)
  4 merfolk javelineers (Shoals:4)
  11 deep elf death magi
  A quicksilver dragon zombie (Abyss:3)
  6 yellow draconians
  4 eidola
  9 ettins
  11 fire dragons
  9 merfolk impalers
  5 mummy priests (Tomb:1)
  4 great orbs of eyes
  3 boulder beetles
  12 jiangshi
  11 ice dragons
  9 vault guards (Vaults:2)
  6 rakshasas
  6 deep elf high priests
  12 hydras
  7 ironbound thunderhulks
  Erolcha (D:11)
  An ogre mage (Vaults:3)
  7 yaktaur captains
  5 merfolk avatars
  A salamander tyrant (Depths:4)
  A catoblepas (Shoals:2)
  12 spriggan air magi
  Harold (Orc:1)
  16 centaur warriors
  6 merfolk aquamancers
  A peacekeeper (Vaults:2)
  5 two-headed ogres
  A satyr (Shoals:4)
  7 ironbound frosthearts
  An alligator snapping turtle (Shoals:3)
  A death knight (Crypt:1)
  8 deep troll shamans
  8 death yaks
  8 vampire magi
  3 orc high priests (Orc:2)
  7 hell hogs
  9 deep troll earth magi
  21 dancing weapons
  8 spriggan berserkers
  5 tengu warriors
  10 death scarabs (Tomb:1)
  4 ironbound beastmasters
  16 thrashing horrors
  13 deep elf knights
  Urug (D:14)
  30 hell knights
  A sun demon (Depths:3)
  2 shock serpents (shapeshifter)
  A titan skeleton (Abyss:3)
  2 soul eaters
  16 wretched stars
  11 iron trolls
  35 skeletal warriors
  A fire crab (shapeshifter) (Depths:3)
  5 sixfirhies
  2 fire crabs
  2 spatial maelstroms
  56 deep trolls
  3 salamander mystics (Depths:4)
  A storm dragon skeleton (Crypt:3)
  A torturous demonspawn (Orc:2)
  6 sea snakes
  2 gelid demonspawn (Orc:2)
  An infernal demonspawn (Orc:2)
  A shadow demon (Abyss:3)
  11 orc knights
  A deep troll (shapeshifter) (Depths:3)
  11 phantasmal warriors
  16 ironbound convokers
  10 harpies (Shoals:4)
  8 glowing orange brains
  12 wizards
  2 bog bodies (Crypt:1)
  4 flayed ghosts
  15 deep elf archers
  30 deep elf zephyrmancers
  3 lindwurms (Vaults:1)
  3 shadow dragon zombies
  A mana viper (Abyss:5)
  A harpy (shapeshifter) (Elf:1)
  25 deep elf pyromancers
  25 wolf spiders
  A faun (Shoals:2)
  14 orc sorcerers
  6 cyclopes
  9 necromancers
  50 ugly things
  20 orb spiders
  A fire giant zombie (Crypt:3)
  A shining eye (Abyss:1)
  A manticore (shapeshifter) (Vaults:2)
  A sphinx skeleton (Crypt:1)
  9 salamanders
  17 manticores
  19 moths of wrath
  3 fire giant skeletons
  8 merfolk sirens
  9 worldbinders
  3 black mambas
  13 vault sentinels
  2 guardian serpents (shapeshifter)
  3 centaur zombies
  17 elephants
  4 water nymphs
  21 smoke demons
  4 rust devils
  2 apocalypse crabs
  4 gargoyles (Crypt:3)
  2 iron dragon skeletons
  3 guardian serpents
  27 cane toads
  4 torpor snails
  2 orange demons
  2 unseen horrors
  3 rime drakes
  A dire elephant skeleton (Crypt:3)
  6 komodo dragons
  38 yaktaurs
  A catoblepas zombie (Abyss:3)
  10 demonic crawlers
  9 freezing wraiths
  10 guardian mummies (Tomb:1)
  2 efreet
  9 hellwings
  3 tengu conjurers
  3 red devils (Crypt:3)
  7 trolls
  A catoblepas skeleton (Crypt:3)
  A queen bee (D:9)
  12 ancient zymes
  27 merfolk
  2 black draconian skeletons (Crypt:2)
  A merfolk (shapeshifter) (Depths:3)
  A death drake zombie (Crypt:1)
  6 meliai
  2 jumping spiders (shapeshifter)
  2 polar bears
  3 tyrant leeches (Lair:6)
  27 jumping spiders
  A wolf spider simulacrum (D:15)
  11 hornets
  A troll (shapeshifter) (D:14)
  A harpy zombie (Crypt:3)
  A hydra skeleton (Crypt:3)
  6 wind drakes
  2 fire dragon zombies
  2 ice dragon zombies
  6 snapping turtles
  3 raiju (shapeshifter)
  An ettin zombie (Crypt:3)
  A hornet (shapeshifter) (Vaults:4)
  14 dream sheep
  33 blink frogs
  38 raiju
  A fire giant simulacrum (Abyss:3)
  A blink frog (shapeshifter) (Elf:1)
  20 slime creatures
  8 shadows
  An alligator skeleton (Crypt:1)
  3 air elementals (Elf:1)
  17 flying skulls
  56 starcursed masses
  94 redbacks
  4 spriggans
  33 tarantellas
  2 centaur simulacra (D:15)
  9 ynoxinuls
  A tarantella (shapeshifter) (Depths:3)
  4 vampires
  2 black mamba zombies
  26 yaks
  17 water elementals
  3 wyverns
  2 fire elementals
  6 fire bats
  2 ice dragon skeletons
  A hog (Spider:4)
  A golden eye (Abyss:3)
  2 steam dragons (D:8)
  10 wraiths
  11 basilisks
  A human (shapeshifter) (Vaults:2)
  7 neqoxecs
  6 chaos spawn
  A black mamba skeleton (Crypt:3)
  27 large abominations
  A monstrous demonspawn zombie (Crypt:1)
  16 humans (D:14)
  9 vampire mosquitoes
  A basilisk (shapeshifter) (Depths:3)
  2 wargs (Orc:1)
  Menkaure (D:5)
  A spatial vortex (Abyss:1)
  An orb spider zombie (Crypt:1)
  An acid dragon (D:11)
  A floating eye (shapeshifter) (Vaults:2)
  24 water moccasins
  14 hell hounds
  4 sky beasts
  29 orc warriors
  25 small abominations
  A faun skeleton (Crypt:1)
  8 ice beasts
  5 necrophages
  A snapping turtle zombie (Tomb:1)
  A swamp dragon zombie (Abyss:2)
  9 ogres
  44 wolves
  4 centaurs
  4 boggarts (Vaults:3)
  A phantom (D:9)
  A salamander zombie (Crypt:2)
  19 bullfrogs
  A bullfrog (shapeshifter) (Depths:3)
  A gnoll sergeant (D:7)
  2 earth elementals
  2 scorpions (shapeshifter)
  A scorpion (D:5)
  A water moccasin zombie (D:5)
  2 spriggan zombies
  2 water moccasin skeletons (D:6)
  30 killer bees
  7 wights
  4 howler monkeys
  4 electric eels
  A wolf zombie (Crypt:2)
  3 hounds
  4 quasits
  A gnoll shaman (D:9)
  20 orc priests
  6 iron imps
  A jelly (D:5)
  Jessica (D:2)
  6 centaur skeletons
  2 iguanas
  11 orc wizards
  A felid zombie (Crypt:2)
  8 ogre zombies (D:9)
  A tengu zombie (Crypt:3)
  2 mummies (Tomb:1)
  7 gnolls
  A howler monkey skeleton (D:5)
  2 river rats (D:5)
  4 adders
  An adder (shapeshifter) (Depths:3)
  4 white imps
  5 ufetubi
  An adder zombie (Crypt:1)
  A barachi skeleton (Crypt:1)
  A dart slug (D:4)
  72 orcs
  2 bats (D:1)
  A bat skeleton (Crypt:1)
  4 endoplasms
  6 giant cockroaches
  5 goblins
  A goblin (shapeshifter) (Depths:3)
  8 hobgoblins
  6 jackals
  9 quokkas
  4 ball pythons
  4 frilled lizards
  2 goblin skeletons (D:9)
  3 goblin zombies (D:9)
  A hobgoblin skeleton (D:9)
  2 hobgoblin zombies (D:9)
  A jackal skeleton (D:4)
  12 kobolds
  4 orc skeletons (D:9)
  13 orc zombies (D:9)
  4 rats (D:1)
  2 lurking horrors (Abyss:3)
  A plant (Shoals:4)
  11 starspawn tentacles
2566 creatures vanquished.

Vanquished Creatures (others)
  2 ghost moths
  3 deep elf knights
  A wretched star (Abyss:3)
  A smoke demon (Abyss:5)
  An ancient zyme (Abyss:3)
  A merfolk (Shoals:4)
  A jumping spider (Spider:2)
  A large abomination (Abyss:5)
  2 redbacks
  A naga (Abyss:5)
  An orc warrior (Elf:1)
  An orc priest (Elf:1)
  6 orcs (Elf:1)
  A briar patch (Abyss:5)
  77 fungi
  3 lurking horrors
  153 plants
  15 starspawn tentacles
  7 withered plants (Crypt:3)
278 creatures vanquished.

Grand Total: 2844 creatures vanquished

Notes
Turn   | Place    | Note
-------+----------+-------------------------------------------
     0 | D:1      | Capylives the Hill Orc Fighter began the quest for the Orb.
     0 | D:1      | Reached XP level 1. HP: 19/19 MP: 1/1
   102 | D:1      | Reached XP level 2. HP: 26/26 MP: 2/2
   419 | D:1      | Found Laqam's Distillery.
  1346 | D:2      | Reached XP level 3. HP: 25/31 MP: 3/3
  1884 | D:2      | Found a white marble altar of Elyvilon.
  1984 | D:2      | Noticed Jessica
  1988 | D:2      | Killed Jessica
  1989 | D:2      | Reached skill level 5 in Axes
  1989 | D:2      | Reached XP level 4. HP: 38/39 MP: 4/4
  2871 | D:3      | Found a faded altar of an unknown god.
  2879 | D:3      | Became a worshipper of Zin the Law-Giver
  2879 | D:3      | Reached * piety under Zin
  2879 | D:3      | Reached ** piety under Zin
  3537 | D:4      | Noticed a necrophage
  3547 | D:4      | Killed a necrophage
  3548 | D:4      | Reached XP level 5. HP: 35/45 MP: 5/5
  4107 | D:4      | Reached *** piety under Zin
  4329 | D:5      | Entered Level 5 of the Dungeon
  4347 | D:5      | Noticed an ice beast
  4386 | D:5      | Killed an ice beast
  4387 | D:5      | Reached skill level 5 in Shields
  4387 | D:5      | Reached XP level 6. HP: 20/51 MP: 6/6
  4532 | D:5      | Found a glowing drain.
  4537 | Sewer    | Entered a sewer
  4720 | Sewer    | Noticed a water moccasin
  4742 | Sewer    | Killed a water moccasin
  4743 | Sewer    | Reached XP level 7. HP: 8/57 MP: 7/7
  5133 | D:5      | Noticed Menkaure
  5178 | D:5      | Killed Menkaure
  5322 | D:5      | Found a shadowy altar of Dithmenos.
  5563 | D:5      | Found a burning altar of Makhleb.
  5971 | D:5      | Reached XP level 8. HP: 52/64 MP: 8/8
  6038 | D:5      | Found a basalt altar of Yredelemnul.
  6225 | D:6      | Reached skill level 10 in Axes
  6276 | D:6      | Reached **** piety under Zin
  6499 | D:6      | Found a staircase to the Ecumenical Temple.
  6508 | Temple   | Entered the Ecumenical Temple
  6559 | Temple   | Fell from the grace of Zin
  6559 | Temple   | Became a worshipper of Warmaster Okawaru
  6830 | D:6      | Noticed a brown ugly thing
  6830 | D:6      | Noticed jordank93's ghost (novice MiBe)
  6832 | D:6      | Found a one-way gate to the infinite horrors of the Abyss.
  6837 | D:6      | Found a transporter.
  6853 | D:6      | Found a transporter.
  6882 | D:6      | Noticed a red ugly thing
  7181 | D:6      | Reached * piety under Okawaru
  7447 | D:6      | Found Calaule Irec's Jewellery Shoppe.
  7746 | D:7      | Noticed a troll
  7777 | D:7      | Killed a troll
  7778 | D:7      | Reached skill level 1 in Invocations
  7778 | D:7      | Reached XP level 9. HP: 9/70 MP: 8/10
  8555 | D:7      | Reached ** piety under Okawaru
  9121 | D:8      | Reached skill level 4 in Fighting
  9466 | D:8      | Reached XP level 10. HP: 72/80 MP: 10/13
  9476 | D:8      | Noticed a cyclops
  9534 | D:8      | Killed a cyclops
  9534 | D:8      | Reached *** piety under Okawaru
  9535 | D:8      | Reached skill level 5 in Invocations
  9781 | D:8      | Identified the +7 falchion "Moxeyro" {vamp, rN++}
  9847 | D:8      | Reached skill level 5 in Fighting
 10452 | D:8      | Reached skill level 5 in Armour
 10454 | D:8      | Found a staircase to the Lair.
 10567 | D:8      | Found a sparkling altar of Nemelex Xobeh.
 10693 | D:9      | Noticed a cyclops
 10710 | D:9      | Killed a cyclops
 10783 | D:9      | Reached skill level 6 in Fighting
 10805 | D:9      | Reached **** piety under Okawaru
 10893 | D:9      | Reached XP level 11. HP: 47/91 MP: 16/16
 11247 | D:9      | Found a staircase to the Orcish Mines.
 11251 | D:9      | Found a shimmering altar of Xom.
 11290 | D:9      | Reached skill level 10 in Shields
 11299 | D:9      | Reached skill level 7 in Fighting
 11836 | D:9      | Found a glowing golden altar of the Shining One.
 11848 | D:9      | Found a hazy altar of Hepliaklqana.
 11850 | D:9      | Found a stormy altar of Qazlal.
 12337 | D:10     | Entered Level 10 of the Dungeon
 12634 | D:10     | Noticed a two-headed ogre
 12722 | Lair:1   | Entered Level 1 of the Lair of Beasts
 12863 | Lair:1   | Reached ***** piety under Okawaru
 13405 | Lair:1   | Received a gift from Okawaru
 13406 | Lair:1   | Reached skill level 8 in Fighting
 13434 | Lair:1   | Reached skill level 1 in Dodging
 14268 | Lair:2   | Reached XP level 12. HP: 29/103 MP: 16/18
 14730 | Lair:2   | Noticed a five-headed hydra
 14767 | Lair:2   | Killed a one-headed hydra
 14866 | Lair:2   | Found a staircase to the Shoals.
 15239 | Lair:2   | Reached skill level 9 in Fighting
 15474 | Lair:2   | Found an ornate altar of the Wu Jian Council.
 15816 | Lair:3   | Reached skill level 15 in Axes
 16119 | Lair:3   | Reached skill level 10 in Invocations
 16293 | Lair:3   | Noticed a death yak
 16293 | Lair:3   | Noticed a death yak
 16315 | Lair:3   | Killed a death yak
 16331 | Lair:3   | Killed a death yak
 16356 | Lair:3   | Received a gift from Okawaru
 16881 | Lair:3   | Found a hole to the Spider Nest.
 17381 | Lair:3   | Reached XP level 13. HP: 113/113 MP: 20/20
 17775 | Lair:4   | Reached skill level 10 in Fighting
 18717 | Lair:5   | Received a gift from Okawaru
 19768 | Lair:6   | Entered Level 6 of the Lair of Beasts
 20587 | Lair:6   | Received a gift from Okawaru
 20588 | Lair:6   | Reached skill level 5 in Dodging
 20985 | Lair:6   | Reached skill level 10 in Armour
 21000 | Lair:6   | Reached skill level 11 in Fighting
 21000 | Lair:6   | Reached XP level 14. HP: 42/124 MP: 1/22
 21981 | Lair:6   | Found a viscous altar of Jiyva.
 21983 | Lair:6   | Found a staircase to the Slime Pits.
 22108 | Lair:6   | Identified the +6 whip "Woxzoxzi" {speed, *Rage rElec rN+
                  | Dex+4}
 22205 | Lair:6   | Identified the +1 morningstar of the Scorpion {distort,
                  | rElec}
 23335 | D:6      | Bought the amulet "Dag Diag" {RegenMP rN++ Will+} for 690
                  | gold pieces
 23413 | Orc:1    | Entered Level 1 of the Orcish Mines
 23431 | Orc:1    | Received a gift from Okawaru
 23455 | Orc:1    | Noticed Harold
 23842 | D:10     | Identified the +8 dagger of the Maze {vorpal, rElec rPois
                  | Str-2 Dex-4}
 23845 | D:10     | Found a bloodstained altar of Trog.
 24689 | D:11     | Noticed Erolcha
 24702 | D:11     | Killed Erolcha
 24703 | D:11     | Reached skill level 12 in Fighting
 24705 | D:11     | Identified the +1 chain mail of Ontuf {rC+ Stlth+}
 25894 | D:12     | Reached XP level 15. HP: 131/132 MP: 7/23
 25976 | D:12     | Identified the +2 hand crossbow "Poec" {flame, rPois Str-3
                  | Int+2}
 26049 | D:12     | Found Teci's Antique Armour Emporium.
 26420 | D:13     | Identified the +4 short sword of Plog {vorpal, rPois rF+
                  | Int+2}
 26446 | D:13     | Identified the +1 broad axe of Exquisite Death {flame,
                  | Str+4} (Okawaru gifted it to you on level 13 of the
                  | Dungeon)
 26446 | D:13     | Received a gift from Okawaru
 26589 | D:13     | Found a gate leading to a gauntlet.
 26619 | Gauntlet | Entered a Gauntlet
 26619 | Gauntlet | Found a transporter.
 26619 | Gauntlet | Found a transporter.
 26850 | Gauntlet | Found a transporter.
 26852 | Gauntlet | Found a transporter.
 26852 | Gauntlet | Found a transporter.
 26883 | Gauntlet | Found a transporter.
 26885 | Gauntlet | Found a transporter.
 26888 | Gauntlet | Found a transporter.
 26888 | Gauntlet | Found a transporter.
 26909 | Gauntlet | Found a runed translucent door.
 26912 | Gauntlet | Found a transporter.
 26926 | Gauntlet | Found a transporter.
 26936 | Gauntlet | Found a transporter.
 26953 | Gauntlet | Found a transporter.
 26974 | Gauntlet | Found a transporter.
 27123 | Gauntlet | Identified the ring of Hoxkej {MP+9 Str+3}
 27127 | Gauntlet | Identified the +1 cloak of Dramatic Exits {rPois Regen+}
 27149 | Gauntlet | Identified the +3 chain mail of the Okapi {rC+}
 27167 | Gauntlet | Identified the +3 hand axe "Yntunk" {flame, Str+3}
 27167 | Gauntlet | Identified the +2 scale mail of Pafaumit {rN+ Dex+3}
 27899 | D:14     | Noticed Urug
 27913 | D:14     | Killed Urug
 27926 | D:14     | Noticed Nessos
 27959 | D:14     | Found a gate to the Vaults.
 27971 | D:14     | Killed Nessos
 27971 | D:14     | Received a gift from Okawaru
 28127 | D:14     | Found an iron altar of Okawaru.
 28498 | D:14     | Received a gift from Okawaru
 28499 | D:14     | Reached skill level 13 in Fighting
 28589 | D:14     | Identified the +6 flail "Nomak" {drain, rPois rC- Int+5
                  | SInv}
 28671 | D:14     | Reached skill level 15 in Shields
 29047 | D:15     | Entered Level 15 of the Dungeon
 29047 | D:15     | Noticed Jorgrun
 29069 | D:15     | Killed Jorgrun
 29070 | D:15     | Reached XP level 16. HP: 144/144 MP: 8/24
 29256 | D:15     | Found a broken altar of Ashenzari.
 29460 | D:15     | Found a staircase to the Depths.
 29834 | Depths:1 | Entered Level 1 of the Depths
 29873 | Depths:1 | Found Lomnoaz's Assorted Antiques.
 29990 | Depths:1 | Noticed a lich
 29993 | Depths:1 | Cast into level 3 of the Abyss (a wizard)
 30087 | Abyss:3  | Reached ****** piety under Okawaru
 30129 | Abyss:3  | Gained mutation: You are dopey. (Int -2) [a neqoxec]
 30175 | Abyss:3  | Reached skill level 1 in Throwing
 30271 | Depths:1 | Escaped the Abyss
 30281 | Depths:1 | Received a gift from Okawaru
 30289 | Depths:1 | Killed a lich
 30313 | Depths:1 | Reached skill level 14 in Fighting
 30389 | Depths:1 | Noticed a golden dragon
 30408 | Depths:1 | Killed a golden dragon
 30438 | Depths:1 | Noticed a sphinx
 30448 | Depths:1 | Killed a sphinx
 30590 | Depths:1 | Reached XP level 17. HP: 104/152 MP: 8/25
 30604 | Depths:1 | Found Vyanut's Jewellery Shoppe.
 30625 | Depths:1 | Found Nasik's Book Boutique.
 30632 | Depths:1 | Found Cat Guvu's Jewellery Shoppe.
 30762 | Depths:1 | Noticed a lich
 30763 | Depths:1 | Identified the +5 hand axe of the Pyrrhic Victory {flame,
                  | rF- rC+ Will+ rCorr} (Okawaru gifted it to you on level 1
                  | of the Depths)
 30763 | Depths:1 | Received a gift from Okawaru
 30776 | Depths:1 | Killed a lich
 31009 | Depths:1 | Noticed a lich
 31023 | Depths:1 | Killed a lich
 31043 | Depths:1 | Identified the +5 battleaxe "Vyigeul" {holy, Str+2 Int-5
                  | Dex+4} (Okawaru gifted it to you on level 1 of the Depths)
 31043 | Depths:1 | Received a gift from Okawaru
 31177 | Depths:1 | Found a gateway to Hell.
 31317 | Depths:2 | HP: 6/154 [frost giant/+2 battleaxe of freezing (5)]
 31645 | Orc:1    | Killed Harold
 31982 | D:6      | Bought the ring "Uchutz" {rElec rN++ MP+9 Dex+3 Stlth-} for
                  | 642 gold pieces
 32235 | Orc:2    | Entered Level 2 of the Orcish Mines
 32440 | Orc:2    | Found Naish's General Store.
 32440 | Orc:2    | Found Womaong's Magic Scroll Shop.
 32464 | Orc:2    | Received a gift from Okawaru
 32519 | Orc:2    | Received a gift from Okawaru
 32553 | Orc:2    | Reached skill level 5 in Throwing
 32590 | Orc:2    | Found Ycebla's Jewellery Emporium.
 32590 | Orc:2    | Found Xocwovun's Antique Armour Shoppe.
 32614 | Orc:2    | Found a one-way gate leading to the halls of Pandemonium.
 32678 | Orc:2    | Reached skill level 15 in Fighting
 32820 | Orc:2    | Found a staircase to the Elven Halls.
 32869 | Orc:2    | Found a roughly hewn altar of Beogh.
 33192 | Elf:1    | Entered Level 1 of the Elven Halls
 33210 | Elf:1    | Received a gift from Okawaru
 33222 | Elf:1    | Reached XP level 18. HP: 56/163 MP: 11/26
 33373 | Elf:1    | Identified Jiana's Volume of Companions
 33404 | Elf:1    | Reached skill level 10 in Dodging
 33433 | Elf:1    | Received a gift from Okawaru
 34135 | Elf:1    | Found a runed translucent gate.
 34135 | Elf:1    | Found a runed translucent gate.
 34135 | Elf:1    | Found a runed translucent gate.
 34135 | Elf:1    | Found a runed translucent gate.
 34135 | Elf:1    | Found a runed translucent gate.
 34135 | Elf:1    | Found a runed translucent gate.
 34384 | Elf:2    | Received a gift from Okawaru
 34516 | Elf:2    | Found Laukh's General Store.
 34699 | Elf:2    | Found a runed translucent gate.
 34699 | Elf:2    | Found a runed translucent gate.
 34699 | Elf:2    | Found a runed translucent gate.
 34750 | Elf:2    | Identified the +1 cloak of Death Resistance {rF+} (Okawaru
                  | gifted it to you on level 2 of the Elven Halls)
 34750 | Elf:2    | Received a gift from Okawaru
 34865 | Elf:3    | Entered Level 3 of the Elven Halls
 35384 | Elf:2    | Noticed a deep elf blademaster
 35393 | Elf:2    | Killed a deep elf blademaster
 35394 | Elf:2    | Reached XP level 19. HP: 169/172 MP: 12/27
 35544 | Elf:3    | Found Pirgh's General Store.
 35555 | Elf:3    | Cast into level 3 of the Abyss (a deep elf sorcerer)
 35712 | Abyss:3  | Noticed a bone dragon
 35732 | Abyss:3  | Killed a bone dragon
 35733 | Abyss:3  | Reached skill level 16 in Fighting
 35810 | Elf:3    | Escaped the Abyss
 36534 | Elf:3    | Received a gift from Okawaru
 36581 | Elf:3    | Reached skill level 15 in Armour
 36592 | Elf:3    | Identified the +5 trident of Lies {vamp, rF+ Will- Int+5}
 36597 | Elf:3    | Identified the ring of Qarainapt {Fly rC+ SInv Stlth+}
 36598 | Elf:3    | Noticed a Tzitzimitl
 36604 | Elf:3    | Noticed a Brimstone Fiend
 36608 | Elf:3    | Identified the amulet "Siggaschu" {Reflect rN+ Slay+2 SH+5}
 36611 | Elf:3    | Identified the +4 falchion of Weetror {venom, Str+4 Int+7}
 36620 | Elf:3    | Received a gift from Okawaru
 36620 | Elf:3    | Received a gift from Okawaru
 36711 | Elf:3    | Identified the ring "Hocuig" {Will+ Int+2}
 36719 | Elf:3    | Cast into level 2 of the Abyss (a deep elf demonologist)
 37371 | Abyss:2  | Received a gift from Okawaru
 37387 | Elf:3    | Escaped the Abyss
 37405 | Elf:3    | Noticed a Tzitzimitl
 37498 | Elf:3    | Identified the Grimoire of Excruciating Lightness
 37502 | Elf:3    | Identified the +1 whip of Buqotij {venom, rN+ Will++ Str+4
                  | SInv}
 37531 | Elf:3    | Identified the Volume of the Frostbite
 38079 | Spider:1 | Entered Level 1 of the Spider Nest
 38265 | Spider:1 | Identified the +6 hand axe of the Candelabrum {vamp, Int+6}
 38777 | Spider:1 | Reached XP level 20. HP: 182/182 MP: 12/28
 39369 | Spider:2 | Identified Roxanne's Incunabulum of Transmigration
 39369 | Spider:2 | Noticed Roxanne
 39407 | Spider:2 | Killed Roxanne
 40540 | Spider:4 | Entered Level 4 of the Spider Nest
 40832 | Spider:4 | Noticed Buesefypo's ghost (adept VSAM)
 40866 | Spider:4 | Received a gift from Okawaru
 41173 | Spider:4 | Reached skill level 17 in Fighting
 41185 | Spider:4 | Identified the +1 robe "Xuguiceq" {rElec rF+ Str-4}
                  | (Okawaru gifted it to you on level 4 of the Spider Nest)
 41185 | Spider:4 | Received a gift from Okawaru
 41614 | Spider:4 | Found a runed translucent gate.
 41616 | Spider:4 | Found a runed translucent gate.
 41617 | Spider:4 | Found a runed translucent gate.
 42005 | Spider:4 | Noticed Arachne
 42006 | Spider:4 | Noticed Kirke
 42038 | Spider:4 | Got a gossamer rune of Zot
 42226 | Spider:4 | Killed Arachne
 42831 | Spider:4 | Killed Buesefypo's ghost
 42856 | Spider:4 | Killed Kirke
 42892 | Spider:4 | Upgraded the game from 0.27-a0-1196-g3e9cee4cb2 to
                  | 0.27-a0-1200-g94dc6ad4cf
 42892 | Spider:4 | Upgraded the game from 0.27-a0-1200-g94dc6ad4cf to
                  | 0.27-a0-1202-ge72e49191c
 43070 | Shoals:1 | Entered Level 1 of the Shoals
 43263 | Shoals:1 | Noticed Donald
 43281 | Shoals:1 | Killed Donald
 43334 | Shoals:1 | Noticed Frances
 43348 | Shoals:1 | Killed Frances
 43416 | Shoals:1 | Noticed Louise
 43439 | Shoals:1 | Killed Louise
 43440 | Shoals:1 | Reached XP level 21. HP: 170/191 MP: 9/29
 43696 | Shoals:1 | Reached skill level 1 in Evocations
 44402 | Shoals:2 | Noticed Polyphemus
 44426 | Shoals:2 | Killed Polyphemus
 45189 | Shoals:3 | Received a gift from Okawaru
 45545 | Shoals:3 | Found Ilycuonn's Antique Weapon Boutique.
 45619 | Shoals:3 | Noticed Mara
 45649 | Shoals:3 | Killed Mara
 45666 | Shoals:3 | Reached skill level 10 in Throwing
 46073 | Shoals:4 | Entered Level 4 of the Shoals
 46235 | Shoals:4 | Noticed Ilsuiw
 46248 | Shoals:4 | HP: 8/192 [merfolk javelineer/javelin (7)]
 46864 | Shoals:4 | Found Miat's Book Shop.
 46887 | Shoals:4 | Received a gift from Okawaru
 47193 | Shoals:4 | Killed Ilsuiw
 47667 | Shoals:4 | Reached skill level 18 in Fighting
 47683 | Shoals:4 | Identified the +10 broad axe "Zuagucoi" {freeze, rPois
                  | Will+} (Okawaru gifted it to you on level 4 of the Shoals)
 47683 | Shoals:4 | Received a gift from Okawaru
 47818 | Shoals:4 | Got a barnacled rune of Zot
 48883 | Vaults:1 | Entered Level 1 of the Vaults
 48972 | Vaults:1 | Found a runed translucent door.
 48972 | Vaults:1 | Noticed Putsipo's ghost (veteran GrGl)
 49089 | Vaults:1 | Received a gift from Okawaru
 49249 | Vaults:1 | Found Xeqooria's General Store.
 49614 | Vaults:1 | Reached XP level 22. HP: 197/203 MP: 10/30
 50148 | Vaults:1 | Reached skill level 5 in Evocations
 50324 | Vaults:1 | Received a gift from Okawaru
 51334 | Vaults:2 | Received a gift from Okawaru
 51335 | Vaults:2 | Reached skill level 19 in Fighting
 51862 | Vaults:2 | Found a staircase to the Crypt.
 51862 | Vaults:2 | Found a basalt altar of Yredelemnul.
 51862 | Vaults:2 | Found an ancient bone altar of Kikubaaqudgha.
 52037 | Vaults:2 | Identified a scroll of acquirement
 52038 | Vaults:2 | Acquired 758 gold pieces
 52211 | Vaults:2 | Gained mutation: You have large cloven feet. [a cacodemon]
 52959 | Vaults:2 | Received a gift from Okawaru
 53127 | Vaults:2 | Identified the +0 robe "Cyer" {rPois Will+ Str-5}
 53721 | Vaults:3 | Reached XP level 23. HP: 214/214 MP: 13/31
 53793 | Vaults:3 | Noticed Bai Suzhen
 53820 | Vaults:3 | Killed Bai Suzhen
 54152 | Vaults:3 | Received a gift from Okawaru
 54338 | Vaults:3 | Learned a level 2 spell: Blink
 54573 | Vaults:3 | Received a gift from Okawaru
 54841 | Vaults:3 | Acquired a manual of Evocations
 55434 | Vaults:4 | Reached skill level 1 in Translocations
 55484 | Vaults:4 | Reached skill level 1 in Spellcasting
 55525 | Vaults:4 | Noticed Margery
 55536 | Vaults:4 | Reached skill level 20 in Fighting
 55550 | Vaults:4 | Killed Margery
 55552 | Vaults:4 | Received a gift from Okawaru
 55724 | Vaults:4 | Identified the +2 ring mail "Gujomu" {Contam Rampage +Inv
                  | rN+++}
 56108 | Vaults:4 | Received a gift from Okawaru
 56504 | Vaults:4 | Found a transporter.
 56523 | Vaults:4 | Found a transporter.
 56693 | Vaults:4 | Noticed Aizul
 56739 | Vaults:4 | Killed Aizul
 57295 | Vaults:4 | Received a gift from Okawaru
 57699 | Depths:2 | Found a gateway to a ziggurat.
 57806 | Depths:2 | Found a radiant altar of Vehumet.
 58223 | Depths:2 | Noticed the Enchantress
 58252 | Depths:2 | Killed the Enchantress
 58253 | Depths:2 | Reached XP level 24. HP: 104/225 MP: 7/31
 58860 | Depths:2 | You are sucked into a shaft and drop 2 floors!
 58951 | Depths:3 | Found a runed translucent gate.
 58951 | Depths:3 | Found a runed translucent gate.
 58960 | Depths:3 | Found a runed translucent gate.
 59749 | Depths:3 | Identified the Catalogue of the Spatial Snowflakes
 59766 | Depths:2 | Received a gift from Okawaru
 59767 | Depths:2 | Found the +14 obsidian axe {vorpal, Drain Fly SInv}
 60404 | Depths:3 | Reached skill level 10 in Evocations
 60912 | Depths:3 | Reached skill level 21 in Fighting
 61063 | Depths:3 | Found Coifon's Magic Scroll Shop.
 61307 | Depths:3 | Received a gift from Okawaru
 61740 | Depths:3 | Found a runed translucent gate.
 61740 | Depths:3 | Found a runed translucent gate.
 61744 | Depths:3 | Noticed Geozxo Feja's ghost (veteran HONe)
 61746 | Depths:3 | Found a runed translucent gate.
 61787 | Depths:3 | Killed Geozxo Feja's ghost
 61792 | Depths:3 | Identified the +0 pair of gloves of Pride {rPois Will+++
                  | MP-9 Stlth+}
 62206 | Depths:4 | Found Gozag's Antique Armour Shoppe.
 62256 | Depths:4 | Found an opulent altar of Gozag.
 62256 | Depths:4 | Found Gozag's Antique Weapon Shoppe.
 62268 | Depths:4 | Received a gift from Okawaru
 62329 | Depths:4 | Found Gozag's Antique Armour Emporium.
 62561 | Depths:4 | Noticed Saint Roka
 62571 | Depths:4 | Reached XP level 25. HP: 140/236 MP: 8/31
 62584 | Depths:4 | Killed Saint Roka
 63075 | Depths:4 | Reached skill level 5 in Translocations
 63294 | Depths:4 | Noticed Mennas
 63295 | Depths:4 | Noticed Sojobo
 64010 | Depths:4 | Killed Mennas
 64021 | Depths:4 | Killed Sojobo
 64063 | Depths:4 | Received a gift from Okawaru
 64733 | Depths:5 | Entered Level 5 of the Depths
 64769 | Depths:5 | Reached skill level 5 in Spellcasting
 65025 | Depths:5 | Gained mutation: Potions are less effective at restoring
                  | your health. [a shining eye]
 65088 | Depths:5 | Found a shimmering blue altar of Sif Muna.
 65225 | Depths:5 | Found a runed translucent gate.
 65225 | Depths:5 | Found a runed translucent gate.
 65226 | Depths:5 | Found a runed translucent gate.
 65595 | Depths:5 | Found Itobu's Jewellery Emporium.
 65597 | Depths:5 | Found Inaonkeg's Magic Scroll Emporium.
 65597 | Depths:5 | Found Idiannec's Magic Scroll Shoppe.
 65602 | Depths:5 | Found Jiusousm's Magic Scroll Shoppe.
 65611 | Depths:5 | Bought a scroll of holy word for 112 gold pieces
 65635 | Depths:5 | Noticed Boris
 65650 | Depths:5 | Killed Boris
 65921 | Depths:5 | Reached skill level 22 in Fighting
 66122 | Depths:5 | Found a gate to the Realm of Zot.
 66905 | Depths:3 | Lost mutation: You have large cloven feet. [potion of
                  | mutation]
 66905 | Depths:3 | Lost mutation: Potions are less effective at restoring your
                  | health. [potion of mutation]
 66905 | Depths:3 | Gained mutation: Your magical capacity is low. (-10% MP)
                  | [potion of mutation]
 66906 | Depths:3 | Lost mutation: Your magical capacity is low. (-10% MP)
                  | [potion of mutation]
 66906 | Depths:3 | Lost mutation: You are dopey. (Int -2) [potion of mutation]
 66906 | Depths:3 | Gained mutation: Your body sometimes deteriorates upon
                  | taking damage. [potion of mutation]
 67097 | Crypt:1  | Entered Level 1 of the Crypt
 67627 | Crypt:1  | Received a gift from Okawaru
 67677 | Crypt:1  | Reached XP level 26. HP: 176/247 MP: 5/31
 69359 | Crypt:2  | Identified the +1 robe "Neyfoich" {rN+ Str-2 Int+3}
 69425 | Crypt:2  | Identified the +0 leather armour "Joyque Nizi" {Str+4 SInv
                  | Stlth+}
 70192 | Crypt:3  | Entered Level 3 of the Crypt
 70573 | Crypt:3  | Received a gift from Okawaru
 70811 | Crypt:3  | Received a gift from Okawaru
 70849 | Crypt:3  | Noticed Jory
 70877 | Crypt:3  | Killed Jory
 71144 | Crypt:3  | Identified the Tome of Unholy Secrets
 71488 | Crypt:3  | Found a staircase to the Tomb.
 71490 | Crypt:3  | Noticed a dread lich
 71492 | Crypt:3  | Noticed a dread lich
 71496 | Crypt:3  | Identified the ring of Nucvemesh {rF+ rN+ rCorr Int-5}
 71506 | Crypt:3  | Killed a dread lich
 71506 | Crypt:3  | Received a gift from Okawaru
 71507 | Crypt:3  | Noticed an ancient lich
 71516 | Crypt:3  | Killed a dread lich
 71524 | Crypt:3  | Killed an ancient lich
 71537 | Crypt:3  | Identified the ring "Atsu" {rN+ Slay+5 Stlth+}
 71537 | Crypt:3  | Identified the ring of Xioxoah {*Corrode rN+ Str+5}
 71851 | Crypt:3  | Reached skill level 23 in Fighting
 72186 | Crypt:3  | Identified Sif Muna's Reference Book on Blistering
                  | Intoxication
 72781 | Tomb:1   | Entered Level 1 of the Tomb of the Ancients
 72806 | Tomb:1   | Received a gift from Okawaru
 72807 | Tomb:1   | Found the +2 cloak of the Thief {*Fog Slay-2 SInv Stlth+}
 73223 | Tomb:1   | Reached XP level 27. HP: 179/258 MP: 11/33
 73674 | Tomb:1   | Noticed a royal mummy
 75273 | D:12     | Bought a crystal plate armour for 2320 gold pieces
 75940 | Depths:4 | Voluntarily entered the Abyss.
 76728 | Abyss:1  | Noticed an ancient lich
 76750 | Abyss:1  | Killed an ancient lich
 76873 | Abyss:1  | Found a corrupted altar of Lugonu.
 76906 | Abyss:1  | Noticed a dread lich
 77165 | Abyss:2  | Received a gift from Okawaru
 77649 | Abyss:3  | Received a gift from Okawaru
 77727 | Abyss:3  | Reached skill level 15 in Dodging
 78374 | Abyss:3  | Gained mutation: Armour fits poorly on your strangely
                  | shaped body. [a neqoxec]
 78375 | Abyss:3  | Gained mutation: You are clumsy. (Dex -2) [a neqoxec]
 78594 | Abyss:4  | Lost mutation: Your body sometimes deteriorates upon taking
                  | damage. [potion of mutation]
 78594 | Abyss:4  | Lost mutation: Armour fits poorly on your strangely shaped
                  | body. [potion of mutation]
 78594 | Abyss:4  | Gained mutation: You are strong-willed. (Will+) [potion of
                  | mutation]
 78615 | Abyss:5  | Entered Level 5 of the Abyss
 78733 | Abyss:5  | Reached skill level 24 in Fighting
 78798 | Abyss:5  | Received a gift from Okawaru
 78824 | Abyss:5  | Got an abyssal rune of Zot
 78974 | Abyss:5  | Reached skill level 15 in Evocations
 79005 | Abyss:5  | Paralysed by accursed screaming for 2 turns
 79034 | Abyss:5  | Received a gift from Okawaru
 79056 | Depths:4 | Escaped the Abyss
 79250 | Zot:1    | Entered Level 1 of the Realm of Zot
 79302 | Zot:1    | Identified the +7 great sword of Dawn {elec, Will- Int+6}
                  | (Okawaru gifted it to you on level 1 of the Realm of Zot)
 79302 | Zot:1    | Received a gift from Okawaru
 79525 | Zot:1    | Found a transporter.
 79669 | Zot:1    | Found a transporter.
 79670 | Zot:1    | Found the +0 mask of the Dragon {Will+ Slay+3 SInv}
 81069 | Zot:2    | Received a gift from Okawaru
 81528 | Zot:2    | You are sucked into a shaft and drop 1 floor!
 82190 | Zot:2    | Noticed an ancient lich
 82190 | Zot:2    | Noticed an orb of fire
 82190 | Zot:2    | Noticed an orb of fire
 82191 | Zot:2    | Gained mutation: Armour fits poorly on your strangely
                  | shaped body. [an orb of fire]
 82191 | Zot:2    | Gained mutation: You are frail. (-10% HP) [an orb of fire]
 82201 | Zot:3    | Gained mutation: Your magical capacity is low. (-10% MP)
                  | [an orb of fire]
 82207 | Zot:3    | Gained mutation: Your magical capacity is very low. (-20%
                  | MP) [an orb of fire]
 82210 | Zot:3    | Killed an orb of fire
 82526 | Zot:2    | Killed an ancient lich
 82526 | Zot:2    | Received a gift from Okawaru
 82528 | Zot:2    | Received a gift from Okawaru
 82544 | Zot:2    | Gained mutation: Your magical capacity is extremely low.
                  | (-30% MP) [an orb of fire]
 82553 | Zot:2    | Killed an orb of fire
 82553 | Zot:2    | Received a gift from Okawaru
 82554 | Zot:2    | Reached skill level 25 in Fighting
 84189 | Zot:1    | Received a gift from Okawaru
 84190 | Zot:1    | Reached skill level 15 in Throwing
 84193 | Zot:1    | Slain by a golden dragon

Illustrated notes

Levels and vault maps discovered:
D:1:      minmay_arrival_doors, layout_basic, serial_co_window_serial,
          co_window_of_opportunity_a, co_window_corner_a, co_window_corner_a,
          co_window_cross_1, co_window_of_opportunity_a,
          co_window_unsneaky_path_d, co_window_corner_cb, co_window_broadway_a,
          co_window_sun, glass_columns_a, serial_shops,
          nicolae_shop_behind_doors
D:2:      layout_loops_corners, basic_altar, uniq_jessica
D:3:      layout_basic, ebering_ecumenical_altar_mist, minmay_cupped
D:4:      layout_loops_corners, minmay_crystal_room
D:5:      old_forge, layout_rooms, kennysheep_mini,
          nicolae_dithmenos_the_darkroom, makhleb_blood_cavern_becter,
          gup_sewer_entry_spiral, chequers_avenue, hangedman_decor_points,
          uniq_menkaure
D:6:      layout_loops_ring, minmay_temple_entry_junction_2, serial_rivers,
          chequers_serial_rivers_micro_e, chequers_serial_rivers_large_a,
          chequers_serial_rivers_micro_e, chequers_serial_rivers_small_b,
          chequers_serial_rivers_micro_c, chequers_serial_rivers_room_b,
          serial_shops, kennysheep_mini_moat, gammafunk_ghost_abyssal_escape,
          grunt_ministairs_3
D:7:      layout_loops_ring
D:8:      layout_gridville, lemuel_crystal_altar, erik_lair_dragon,
          small_chamber_with_monster
D:9:      layout_roguey [special_room_bee], grunt_temple_overflow_open,
          lemuel_doored_altar, zombieorc2_lemuel
D:10:     layout_loops_ring, bloody_trog
D:11:     layout_big_octagon, kennysheep_nub, uniq_erolcha
D:12:     layout_stronghold, serial_shops, shop_statue
D:13:     layout_stronghold, gauntlet_entry_generic
D:14:     minmay_the_grid_triangle_9x9_recursive_2
          [minmay_the_grid_triangle_9x9_prize_insulated,
          minmay_the_grid_triangle_9x9_thin_v,
          minmay_the_grid_triangle_9x9_swiss_cheese,
          minmay_the_grid_triangle_9x9_descending_squares], layout_basic,
          david_vaults_3, okawaru_gym_becter
D:15:     grunt_enter_depths_magical_seal, layout_rooms,
          nicolae_ashenzari_panopticon, uniq_jorgrun
Temple:   nicolae_temple_figure_eight
Lair:1:   layout_regular_city, grunt_forest_large_clearings
Lair:2:   layout_misc_corridors, minmay_shoals_entry_lonely_mermaid,
          basic_altar, serial_bayou_shore_b
Lair:3:   layout_roguey, dummy_spider_entry, grunt_megastairs_1
Lair:4:   layout_loops_ring, st_stairs_4, grunt_megastairs_3, lemuel_fruit_tree
Lair:5:   layout_cellular_growth
Lair:6:   minmay_lair_end_frog_pond, layout_layer_cave, slime_altar_1,
          patterned_corridor, infiniplex_staircase_pool_2, lemuel_fruit_fields
Shoals:1: layout_shoals, uniq_louise, uniq_frances, uniq_donald
Shoals:2: layout_shoals, uniq_polyphemus
Shoals:3: layout_shoals, serial_shops, shop, uniq_mara
Shoals:4: shoals_end_hangedman, layout_shoals, shoal_ilsuiw, serial_shops,
          shop_coins, hangedman_shoal_volcano
Spider:1: layout_spider_delve
Spider:2: layout_spider_delve, uniq_roxanne
Spider:3: layout_spider_delve, hangedman_spider_mandibles
Spider:4: johnstein_spider_rune_arachne_lair, gammafunk_ghost_split, uniq_kirke
Orc:1:    cheibrodos_orc_bank, layout_caves, serial_shops, shop, uniq_harold
Orc:2:    pf_orc_diabolical, layout_caves, basic_altar
Elf:1:    kennysheep_six_static_rooms, layout_loops_ring, minmay_elf_demonology,
          orc_legates
Elf:2:    layout_geoelf_octagon, serial_shops, nicolae_shop_statue_plus
Elf:3:    elf_hall, layout_geoelf_octagon, serial_shops, nicolae_shop_crystal,
          statue_in_the_mist_lemuel
Vaults:1: gammafunk_vaults_ghost_grave, nicolae_vaults_circle_grid_b,
          nicolae_vaults_sealed_display, ontoclasm_vaults_ring_square,
          ontoclasm_vaults_gateway, v_pattern_1, vaults_room_corners,
          ontoclasm_vaults_spin, ontoclasm_vaults_shuriken,
          hangedman_vaults_trim, vaults_room_pools, hangedman_vaults_maws,
          layout_vaults_omnicross, serial_shops, shop
Vaults:2: st_greater_box_3, vaults_room_pools, minmay_crypt_entry_necro_gods,
          v_misc_33, v_misc_2, hangedman_vaults_maws, ontoclasm_vaults_idyll,
          ontoclasm_vaults_ring_small, v_rooms_4, serial_ice_g,
          nicolae_vaults_little_ls, layout_vaults_maze_bifur
Vaults:3: nicolae_vaults_network_star, dpeg_vaults_monster_row, v_misc_3,
          nicolae_vaults_little_squares_2, nicolae_vaults_little_squares_4,
          layout_vaults_quadrants, uniq_bai_suzhen
Vaults:4: vaults_mumra_chevron, hangedman_vaults_stream, gammafunk_the_bubble
          [the_bubble_gammafunk_grid], v_alt_pattern_2,
          vaults_dpeg_encased_lava, hangedman_vaults_impose,
          nicolae_vaults_circle_grid_b, hangedman_vaults_nails,
          ontoclasm_vaults_eye, nicolae_vaults_three_branches, v_pattern_2,
          vaults_dpeg_ring, vaults_room_ringed_pool, layout_vaults_omnibox,
          uniq_aizul, uniq_margery
Crypt:1:  layout_gridlike, st_stairs_7, minmay_misc_feat_hallway,
          grunt_crypt_arrival_split, grunt_megastairs_2
Crypt:2:  layout_regular_city, minivault_11, grunt_ministairs_9,
          unseen_surprise_small
Crypt:3:  quadcrypt_mu, uniq_jory
Tomb:1
Depths:1: layout_long_grid, hangedman_decor_push, hangedman_coc_ice_floe,
          serial_shops, shop, ebering_dispersal_statue_hall,
          minmay_pinched_square, minmay_shop_grove
Depths:2: cross_vault, layout_cave_pools, enter_ziggurat_b, abyss_entry,
          pf_hell_entry_tar_river, vehumet_crystals, uniq_enchantress
Depths:3: kennysheep_room_grid, layout_cave_pools,
          ploomutoo_gammafunk_ghost_potion_laboratory, serial_shops,
          nicolae_shop_stone, grunt_pan_entry_sceptre, hell_entry,
          bh_walls_and_bars, special_room [special_room_mythical_zoo]
Depths:4: kennysheep_gozag_temple, layout_basic, abyss_entry, hell_entry,
          serial_bayou_shore_b, uniq_mennas, uniq_sojobo, uniq_saint_roka
Depths:5: evilmike_zot_entry_round, layout_honeycomb, hell_entry,
          nicolae_sif_muna_condensation, pandoras_box_mu, grunt_megastairs_5,
          minmay_shoptagon, uniq_boris
Zot:1:    layout_cellular_growth, chequers_guarded_unrand_mask_of_the_dragon
Zot:2:    grunt_deathspiral_small, layout_cathedral_of_symmetry
Zot:3:    layout_twisted_circle

Skill      XL: |  1  2  3  4  5  6  7  8  9 10 11 12 13 14 15 16 17 18 19 20 21 22 23 24 25 26 27 |
---------------+----------------------------------------------------------------------------------+-----
Axes           | 3 4 5 6 7 8 9 12 13 14 15 16 17 18 19 20 21 | 21.2
Shields        | 4 5 6 7 8 9 10 11 13 14 15 16 17 18 19 20 21 | 21.9
Invocations    | 1 4 7 9 10 11 | 11.0
Fighting       | 4 6 8 9 11 12 13 14 15 16 17 18 19 20 21 22 23 25 | 25.1
Armour         | 4 6 7 9 10 11 12 13 14 15 16 18 19 20 21 | 21.8
Dodging        | 1 3 5 6 7 9 10 11 12 13 14 15 | 15.7
Throwing       | 3 5 7 8 9 10 11 12 13 15 | 15.0
Evocations     | 4 6 9 11 12 14 15 | 15.7
Translocations | 3 4 6 7 8 |  8.9
Spellcasting   | 2 4 5 6 9 |  9.0

Action                   |  1- 3 |  4- 6 |  7- 9 | 10-12 | 13-15 | 16-18 | 19-21 | 22-24 | 25-27 || total
-------------------------+-------+-------+-------+-------+-------+-------+-------+-------+-------++-------
Melee: War axe           |    88 |   155 |   372 |   946 |   144 |       |       |       |       ||  1705
       Hand axe          |       |       |       |    24 |    30 |       |       |       |       ||    54
       Broad axe         |       |       |       |       |  1160 |  1213 |  1824 |  1563 |  3278 ||  9038
Throw: Stone             |     5 |     4 |       |       |       |       |       |       |       ||     9
       Dart              |       |     1 |       |       |       |       |       |       |       ||     1
       Javelin           |       |       |       |       |       |     8 |     5 |     2 |     4 ||    19
Invok: Heroism           |       |       |     5 |    21 |    16 |    19 |    17 |     8 |     1 ||    87
       Finesse           |       |       |       |     2 |     2 |     5 |     7 |    11 |     9 ||    36
Evoke: Wand              |       |       |     4 |       |       |       |       |       |       ||     4
       Piece from Xom's  |       |       |       |       |       |       |     1 |       |       ||     1
  Use: Scroll            |       |     6 |       |     7 |    16 |     9 |     6 |     5 |    13 ||    62
       Potion            |       |       |     1 |       |     1 |     8 |     3 |       |     6 ||    19
 Stab: Distracted        |       |       |       |       |       |       |     1 |       |       ||     1
       Held in net/web   |       |       |       |       |       |       |     1 |       |       ||     1
       Confused          |       |       |       |       |       |       |       |     1 |       ||     1
Armor: Scale mail        |    43 |    16 |       |       |       |       |       |       |       ||    59
       Chain mail        |       |    49 |   191 |   330 |       |       |       |       |       ||   570
       Plate armour      |       |       |       |    24 |   517 |   417 |   676 |   475 |   527 ||  2636
       Crystal plate arm |       |       |       |       |       |       |       |       |   788 ||   788
Dodge: Dodged            |    34 |    30 |    64 |   187 |   311 |   392 |   534 |   349 |   785 ||  2686
Block: Kite shield       |    48 |    77 |   181 |   508 |   773 |   594 |  1165 |  1022 |  2261 ||  6629
       Reflection        |       |       |       |       |       |       |    32 |    38 |    16 ||    86

Table legend: (Time is in decaauts)
 A = Elapsed time spent in this place.
 B = Non-inter-level travel time spent in this place.
 C = Inter-level travel time spent in this place.
 D = Time resting spent in this place.
 E = Time spent auto-exploring this place.
 F = Levels seen in this place.
 G = Mean time per level.
                   A        B        C        D        E       F      G
               +--------+--------+--------+--------+--------+-----+--------+
         Total |  81157 |  75092 |   6065 |  12773 |  46337 |  61 | 1330.4 |
       Dungeon |  19675 |  17043 |   2632 |   2213 |  11535 |  15 | 1311.7 |
        Temple |    104 |     96 |      8 |      0 |      0 |   1 |  104.0 |
          Lair |  10538 |   9941 |    597 |   1936 |   6032 |   6 | 1756.3 |
        Shoals |   5275 |   5019 |    256 |   1114 |   2933 |   4 | 1318.8 |
   Spider Nest |   4720 |   4415 |    305 |    866 |   2617 |   4 | 1180.0 |
  Orcish Mines |   1473 |   1303 |    170 |     66 |    824 |   2 |  736.5 |
   Elven Halls |   3451 |   3102 |    349 |    313 |   1722 |   3 | 1150.3 |
        Vaults |   8499 |   8057 |    442 |    733 |   6015 |   4 | 2124.8 |
         Crypt |   5665 |   5192 |    473 |    424 |   3907 |   3 | 1888.3 |
          Tomb |   2075 |   2075 |      0 |   1447 |    337 |   1 | 2075.0 |
        Depths |  10168 |   9410 |    758 |   1992 |   5677 |   5 | 2033.6 |
           Zot |   4623 |   4551 |     72 |    918 |   3008 |   3 | 1541.0 |
         Abyss |   3772 |   3772 |      0 |    154 |   1702 |   8 |  471.5 |
         Sewer |    553 |    553 |      0 |    373 |     27 |   1 |  553.0 |
      Gauntlet |    561 |    561 |      0 |    223 |      0 |   1 |  561.0 |
               +--------+--------+--------+--------+--------+-----+--------+

Top non-repeatable levels by time:
   Zot:2: 2883 daAuts
  Lair:6: 2631 daAuts
 Crypt:3: 2625 daAuts
     D:8: 2573 daAuts
Vaults:2: 2504 daAuts
Depths:4: 2449 daAuts
Vaults:1: 2387 daAuts
Depths:5: 2344 daAuts
 Crypt:1: 2153 daAuts
Depths:3: 2140 daAuts
Depths:2: 2081 daAuts
  Tomb:1: 2075 daAuts
Shoals:4: 2063 daAuts
     D:6: 1981 daAuts
Vaults:4: 1961 daAuts
